 Dungeon Crawl Stone Soup version 0.31-a0-949-g57150269e1 (webtiles) character file.

Game seed: 93792349316779801

7603 miscthings the Thaumaturge (level 11, -3/65 HPs)
             Began as a Djinni Conjurer on Oct 23, 2023.
             Was an Initiate of Gozag.
             Slain by a yak (12 damage)
             ... on level 11 of the Dungeon.
             The game lasted 00:19:10 (7360 turns).

miscthings the Thaumaturge (Djinni Conjurer)        Turns: 7360, Time: 00:19:11

Health: -3/65      AC:  4    Str:  6    XL:     11   Next: 40%
Gold:   1327       EV: 14    Int: 21    God:    Gozag SH:  0 Dex: 15

rFire   + + .        (no weapon)
rCold   x . .        (no shield)
rNeg    . . .        a - +0 robe
rPois   ∞            g - +0 helmet
rElec   .            (no cloak)
rCorr   .            F - +0 pair of gloves
SInv    .            (boots unavailable)
Will    +....        (no amulet)
Stlth   +++          (no ring)
HPRegen 0.30/turn    (no ring)
MPRegen 0.00/turn

%: infuse magic (-4 HP)
@: gold aura, flying
A: sickness immunity, fire resistance 2, cold vulnerability 1, float, innate
caster, HP casting, extra vitality 1
a: Renounce Religion, Potion Petition, Call Merchant, Bribe Branch


You were on level 11 of the Dungeon.
You worshipped Gozag.
Gozag was most pleased with you.
You visited 2 branches of the dungeon, and saw 12 of its levels.

You collected 1598 gold pieces.
You spent 178 gold pieces at shops.
You paid 93 gold pieces to Gozag.

Inventory:

Armour
 a - a +0 robe (worn)
 g - a +0 helmet (worn)
 F - a +0 pair of gloves (worn)
Jewellery
 u - a ring of fire
Wands
 b - a wand of acid (3)
 i - a wand of polymorph (3)
 k - a wand of roots (3)
 B - a wand of paralysis (3)
Scrolls
 d - a scroll of amnesia {unknown}
 j - 3 scrolls of immolation
 l - a scroll of noise {unknown}
 m - 2 scrolls of fog
 o - 3 scrolls of poison
 p - 3 scrolls of enchant weapon
 r - a scroll of teleportation
 s - a scroll of summoning {unknown}
 w - a scroll of revelation {unknown}
 x - a scroll of fear {unknown}
 y - a scroll of enchant armour {unknown}
 z - a scroll of blinking
 A - a scroll of brand weapon {unknown}
Potions
 c - 3 potions of invisibility
 e - 2 potions of lignification
 f - 4 potions of haste
 h - 3 potions of enlightenment
 n - a potion of mutation
 q - 4 potions of curing
 t - 4 potions of might
 v - a potion of resistance
 C - 2 potions of attraction
 D - a potion of heal wounds {unknown}


   Skills:
 - Level 5.6 Dodging
 - Level 4.5 Stealth
 + Level 12.1 Spellcasting
 + Level 12.1 Conjurations
 + Level 12.1 Hexes
   Level 0.0 Charms
 + Level 12.1 Summonings
 + Level 12.1 Necromancy
 + Level 12.1 Translocations
 + Level 12.1 Transmutations
 + Level 12.1 Fire Magic
 + Level 12.1 Ice Magic
 + Level 12.1 Air Magic
 + Level 12.1 Earth Magic
 + Level 12.1 Poison Magic


You knew the following spells:

 Your Spells              Type           Power      Damage    Failure   Level
a - Searing Ray           Conj           100%       2d8       1%          2
b - Magic Dart            Conj           100%       1d8       1%          1
c - Dazzling Flash        Conj/Hex       100%       N/A       1%          3
d - Fulminant Prism       Conj/Hex       29%        3d14      1%          4
e - Iskenderun's Mystic   Conj/Tloc      59%        2d12      1%          4
f - Sting                 Tmut/Pois      100%       1d8       1%          1
g - Call Imp              Summ           100%       N/A       1%          2
h - Summon Guardian Gole  Hex/Summ       59%        N/A       1%          3
i - Silence               Hex/Air        29%        N/A       1%          5
z - Stone Arrow           Conj/Erth      100%       3d13      1%          3
Your spell library was empty.

Dungeon Overview and Level Annotations

Branches:
Dungeon (11/15)            Temple (1/1) D:4
   Lair: D:8-11         Orc: D:9-12

Altars:
Ashenzari
Cheibriados
Dithmenos
Elyvilon
Fedhas
Gozag
Hepliaklqana
Makhleb
Nemelex Xobeh
Okawaru
Qazlal
Ru
Trog
Uskayaw
Wu Jian
Xom
Yredelemnul
Zin
The Shining One

Shops:
D:6 *   D:8 [   D:9 [[:


Innate Abilities, Weirdness & Mutations

You are immune to sickness and miasma.
You are immune to poison.
Your flesh is very heat resistant. (rF++)
You are vulnerable to cold. (rC-)
You float through the air rather than walking.
You learn spells naturally, not from books.
Your magical power is your life essence.
You have superior vitality. (+4 MHP)


Message History

The yak is severely wounded.
The yak gores you!
The searing ray hits the yak.
The yak is severely wounded.
The searing ray hits the yak!
You kill the yak!
The searing ray hits the yak!
You kill the yak!
You finish channelling your searing ray.
The yak gores you!
The yak is distracted by your dazzling golden aura.
The yak gores you!
* * * LOW HITPOINT WARNING * * *
Casting: Searing Ray (safe; 1% risk of failure)
Confirm with . or Enter, or press ? or * to list all spells.
Aiming: Searing Ray (safe; 1% risk of failure)
Press: ? - help, Shift-Dir - straight line, f/p - yak
Aim: a yak (severely wounded, 90% to hit)
The searing ray hits the yak.
The yak is almost dead. (Press . to maintain the ray.)
The yak bellows!
* * * LOW HITPOINT WARNING * * *
The yak gores you!
* * * LOW HITPOINT WARNING * * *
You feel better. The yak gores you!
* * * LOW HITPOINT WARNING * * *
Casting: Searing Ray (safe; 1% risk of failure)
Confirm with . or Enter, or press ? or * to list all spells.
Aiming: Searing Ray (safe; 1% risk of failure)
Press: ? - help, Shift-Dir - straight line, f/p - yak
Aim: a yak (almost dead, 90% to hit)
The searing ray hits the yak.
The yak is almost dead. (Press . to maintain the ray.)
* * * LOW HITPOINT WARNING * * *
The yak is no longer distracted by gold.
The yak gores you!
You die...
Your body crumbles into a pile of gold.

... #...... #..
.....#..#......
.....#..#..#.#
....#.......#
.......##.#.##
#.#........#
#.##.##.##.#
##.###.##.##.# #
#...$Y$$$Y@..#
...Y..###.#.##.#
##...
##.#.##.##.#
...Y
...........###
###
##.#########.)
#.# #.# ..# #.#
#### #.#
######.#


You could see 2 yaks.

Vanquished Creatures
  A centaur warrior (D:9)
  2 two-headed ogres
  A hornet (D:8)
  16 yaks
  2 vampire mosquitoes (D:10)
  Edmund (D:6)
  A water moccasin (D:5)
  2 orc warriors
  2 sky beasts (D:8)
  4 black bears
  2 centaurs (D:7)
  An ogre (D:7)
  2 phantoms
  A kobold brigand (D:9)
  3 scorpions
  4 wights (D:10)
  6 killer bees (D:8)
  5 hounds
  2 gnoll boudas
  5 orc priests
  A jelly (D:5)
  2 sleepcaps (D:5)
  2 iguanas
  9 orc wizards
  14 gnolls
  7 adders
  2 worms (D:4)
  3 dart slugs
  30 orcs
  11 ball pythons
  4 bats
  6 endoplasms
  4 giant cockroaches
  7 goblins
  8 hobgoblins
  4 jackals
  9 kobolds
  3 quokkas
  4 frilled lizards
  10 rats
203 creatures vanquished.

Vanquished Creatures (others)
  29 fulminant prisms
29 creatures vanquished.

Grand Total: 232 creatures vanquished

Notes
Turn   | Place    | Note
-------+----------+-------------------------------------------
     0 | D:1      | miscthings the Djinni Conjurer began the quest for the Orb.
     0 | D:1      | miscthings set off with the following spells memorised:
                  | Magic Dart, Searing Ray, Dazzling Flash, Fulminant Prism,
                  | Iskenderun's Mystic Blast.
     0 | D:1      | Reached XP level 1. HP: 15/15 MP: 0/0
   130 | D:1      | Reached XP level 2. HP: 19/21 MP: 0/0
   617 | D:2      | Reached XP level 3. HP: 22/25 MP: 0/0
   617 | D:2      | Learned a level 1 spell: Sting
   637 | D:2      | Found a hazy altar of Hepliaklqana.
  1265 | D:3      | Found a white marble altar of Elyvilon.
  1363 | D:3      | Reached XP level 4. HP: 20/31 MP: 0/0
  1481 | D:3      | Found an iron altar of Okawaru.
  1586 | D:3      | Reached XP level 5. HP: 33/35 MP: 0/0
  1586 | D:3      | Learned a level 2 spell: Call Imp
  1884 | D:4      | Found a staircase to the Ecumenical Temple.
  1894 | Temple   | Entered the Ecumenical Temple
  2578 | Temple   | Became a worshipper of Gozag Ym Sagoz the Greedy
  2676 | D:5      | Entered Level 5 of the Dungeon
  2777 | D:5      | Reached XP level 6. HP: 38/40 MP: 0/0
  2841 | D:5      | Noticed a black bear
  2849 | D:5      | HP: 2/40 [black bear (2)]
  2850 | D:5      | Killed a black bear
  3105 | D:5      | Noticed a water moccasin
  3113 | D:5      | Killed a water moccasin
  3114 | D:5      | Reached skill level 5 in Dodging
  3114 | D:5      | Reached XP level 7. HP: 16/45 MP: 0/0
  3114 | D:5      | Learned a level 3 spell: Summon Guardian Golem
  3507 | D:6      | Reached XP level 8. HP: 31/50 MP: 0/0
  3517 | D:6      | Noticed Edmund
  3535 | D:6      | Reached skill level 5 in Spellcasting
  3535 | D:6      | Reached skill level 5 in Conjurations
  3535 | D:6      | Reached skill level 5 in Hexes
  3535 | D:6      | Reached skill level 5 in Summonings
  3535 | D:6      | Reached skill level 5 in Necromancy
  3535 | D:6      | Reached skill level 5 in Translocations
  3535 | D:6      | Reached skill level 5 in Transmutations
  3535 | D:6      | Reached skill level 5 in Fire Magic
  3535 | D:6      | Reached skill level 5 in Ice Magic
  3535 | D:6      | Reached skill level 5 in Air Magic
  3535 | D:6      | Reached skill level 5 in Earth Magic
  3535 | D:6      | Reached skill level 5 in Poison Magic
  3821 | D:6      | Found Tuept's General Store.
  3830 | D:6      | Bought a wand of paralysis (3) for 79 gold pieces
  3889 | D:6      | Killed Edmund
  4190 | D:6      | Reached XP level 9. HP: 27/55 MP: 0/0
  4190 | D:6      | Learned a level 3 spell: Stone Arrow
  5447 | D:8      | Found Hicomiy's Antique Armour Boutique.
  5469 | D:8      | Noticed a hornet
  5476 | D:8      | Killed a hornet
  5477 | D:8      | Reached XP level 10. HP: 47/60 MP: 0/0
  5600 | D:8      | Found a broken altar of Ashenzari.
  5792 | D:9      | Noticed a two-headed ogre
  5799 | D:9      | Killed a two-headed ogre
  5876 | D:9      | Found Caow Ycu's Book Emporium.
  5963 | D:9      | Reached skill level 10 in Spellcasting
  5963 | D:9      | Reached skill level 10 in Conjurations
  5963 | D:9      | Reached skill level 10 in Hexes
  5963 | D:9      | Reached skill level 10 in Summonings
  5963 | D:9      | Reached skill level 10 in Necromancy
  5963 | D:9      | Reached skill level 10 in Translocations
  5963 | D:9      | Reached skill level 10 in Transmutations
  5963 | D:9      | Reached skill level 10 in Fire Magic
  5963 | D:9      | Reached skill level 10 in Ice Magic
  5963 | D:9      | Reached skill level 10 in Air Magic
  5963 | D:9      | Reached skill level 10 in Earth Magic
  5963 | D:9      | Reached skill level 10 in Poison Magic
  5982 | D:9      | Found Camama's Antique Armour Emporium.
  5984 | D:9      | Found Dohuwits's Armour Emporium.
  6104 | D:9      | Found a blossoming altar of Fedhas.
  6106 | D:9      | Found a shimmering altar of Xom.
  6296 | D:9      | Bought a pair of gloves for 99 gold pieces
  6435 | D:9      | Found a snail-covered altar of Cheibriados.
  6436 | D:9      | Found a sparkling altar of Nemelex Xobeh.
  6499 | D:9      | Noticed a centaur warrior
  6503 | D:9      | Killed a centaur warrior
  6591 | D:10     | Entered Level 10 of the Dungeon
  6730 | D:10     | Reached XP level 11. HP: 40/65 MP: 0/0
  6730 | D:10     | Learned a level 5 spell: Silence
  6809 | D:10     | Found a burning altar of Makhleb.
  7094 | D:10     | Found an ornate altar of the Wu Jian Council.
  7309 | D:11     | Noticed a two-headed ogre
  7313 | D:11     | Killed a two-headed ogre
  7360 | D:11     | Slain by a yak

Illustrated notes

Levels and vault maps discovered:
D:1:      erik_arrival_blinker_ship, layout_loops_cross
D:2:      layout_loops_ring, basic_altar
D:3:      minmay_bubble_buster, layout_basic, kennysheep_okawaru_gauntlet,
          amcnicky_altar_gilded
D:4:      layout_loops_ring, minmay_temple_entry_mist, serial_glass,
          glass_columns_a, glass_columns_b, minmay_strange_pillars,
          minmay_strange_pillars
D:5:      layout_loops_cross
D:6:      layout_loops_cross, serial_shops, shop, uniq_edmund
D:7:      layout_rooms
D:8:      layout_basic, lemuel_tele_altar, serial_shops,
          nicolae_shop_real_fake_doors
D:9:      layout_cave_pools, nicolae_overflow_quartered_altars,
          nicolae_shop_distant_corner_stores, kennysheep_big_empty_room
D:10:     layout_gridville, nzn_wu_jian_council_hall, mainiacjoe_overflow_paths
D:11:     layout_loops_cross, lair_entry_dummy, kennysheep_potato
Temple:   nicolae_temple_bog_church

Skill      XL: |  1  2  3  4  5  6  7  8  9 10 11 |
---------------+----------------------------------+-----
Stealth        | 2 3 4 |  4.5
Dodging        | 3 4 5 |  5.6
Spellcasting   | 4 6 9 11 12 | 12.1
Conjurations   | 4 6 9 11 12 | 12.1
Hexes          | 4 6 9 11 12 | 12.1
Summonings     | 4 6 9 11 12 | 12.1
Necromancy     | 4 6 9 11 12 | 12.1
Translocations | 4 6 9 11 12 | 12.1
Transmutations | 4 6 9 11 12 | 12.1
Fire Magic     | 4 6 9 11 12 | 12.1
Ice Magic      | 4 6 9 11 12 | 12.1
Air Magic      | 4 6 9 11 12 | 12.1
Earth Magic    | 4 6 9 11 12 | 12.1
Poison Magic   | 4 6 9 11 12 | 12.1

Action                     |  1- 3 |  4- 6 |  7- 9 | 10-12 || total
---------------------------+-------+-------+-------+-------++-------
  Melee: Unarmed           |       |     5 |     1 |     1 ||     7
   Cast: Magic Dart        |    13 |    18 |    16 |     2 ||    49
         Searing Ray       |    34 |    31 |    59 |    22 ||   146
         Fulminant Prism   |       |     1 |    10 |    18 ||    29
         Iskenderun's Myst |       |       |     9 |     7 ||    16
         Stone Arrow       |       |       |     3 |     1 ||     4
  Evoke: Wand              |       |     1 |     1 |       ||     2
    Use: Scroll            |       |     9 |     1 |     5 ||    15
         Potion            |       |       |     2 |     1 ||     3
 Armour: Robe              |     1 |    27 |    58 |    19 ||   105
  Dodge: Dodged            |     3 |    15 |    62 |    13 ||    93

Table legend: (Time is in decaauts)
 A = Elapsed time spent in this place.
 B = Non-inter-level travel time spent in this place.
 C = Inter-level travel time spent in this place.
 D = Time resting spent in this place.
 E = Time spent auto-exploring this place.
 F = Levels seen in this place.
 G = Mean time per level.
                   A        B        C        D        E       F      G
               +--------+--------+--------+--------+--------+-----+--------+
         Total |   7379 |   6827 |    552 |    614 |   4767 |  12 |  614.9 |
       Dungeon |   7332 |   6824 |    508 |    614 |   4767 |  11 |  666.5 |
        Temple |     47 |      4 |     43 |      0 |      0 |   1 |   47.0 |
               +--------+--------+--------+--------+--------+-----+--------+

Top non-repeatable levels by time:
     D:8: 1094 daAuts
     D:6: 861 daAuts
     D:5: 839 daAuts
     D:4: 814 daAuts
     D:9: 727 daAuts
    D:10: 637 daAuts
     D:2: 620 daAuts
     D:3: 611 daAuts
     D:1: 582 daAuts
     D:7: 485 daAuts
    D:11: 56 daAuts
  Temple: 47 daAuts
